 Dungeon Crawl Stone Soup version 0.27-a0-1248-g57ac2eb73c (webtiles) character file.

Game seed: 553302884296978469

2904 Delamore the Spear-Bearer (level 10, -3/74 HPs)
             Began as a Formicid Fighter on June 10, 2021.
             Slain by Harold
             ... wielding a +2 battleaxe of venom
              (4 damage)
             ... on level 8 of the Dungeon.
             The game lasted 00:10:04 (9492 turns).

Delamore the Spear-Bearer (Formicid Fighter)        Turns: 9492, Time: 00:10:04

Health: -3/74      AC:  8    Str: 24    XL:     10   Next: 6%
Magic:  10/10      EV:  8    Int:  8    God:
Gold:   1234       SH:  9    Dex: 10    Spells: 9/9 levels left

rFire    . . .     SeeInvis +   k - +8 mace "Wiclehet" {elec, +Blink}
rCold    . . .     Faith    .   c - +0 kite shield
rNeg     . . .     Spirit   .   o - +2 ring mail {rPois}
rPois    +         Reflect  .   (helmet unavailable)
rElec    .         Harm     .   q - +0 cloak
rCorr    .         Rampage  .   (no gloves)
Will     +....                  (no boots)
Stlth    ..........             (no amulet)
HPRegen  0.22/turn              g - ring of wizardry
MPRegen  0.12/turn              (no ring)

@: lethally poisoned (-3 -> -13)
A: permanent stasis, dig shafts and tunnels, antennae 3, four strong arms
a: Dig, Shaft Self


You were on level 8 of the Dungeon.
You visited 2 branches of the dungeon, and saw 9 of its levels.

You collected 1441 gold pieces.
You spent 207 gold pieces at shops.

Inventory:

Hand Weapons
 a - a +0 trident
 k - the +8 mace "Wiclehet" (weapon) {elec, +Blink}
   (You found it on level 5 of the Dungeon)

   Occasionally, upon striking a foe, it can discharge electrical energy and
   cause terrible harm.
   It lets you blink.
Missiles
 r - 14 poisoned darts
 u - a throwing net (quivered)
Armour
 b - a +0 scale mail
 c - a +0 kite shield (worn)
 o - a +2 ring mail of poison resistance (worn)
 q - a +0 cloak (worn)
 x - a +2 scale mail of cold resistance
Jewellery
 g - a ring of wizardry (left hand)
 z - a ring of fire
 C - a ring of ice
Wands
 s - a wand of flame (15)
 v - a wand of digging (6)
 y - a wand of charming (11)
Scrolls
 l - a scroll of enchant armour
 B - a scroll of fog
Potions
 d - a potion of might
 e - a potion of resistance
 f - a potion of berserk rage
 i - a potion of curing
 j - 7 potions of mutation
 m - 2 potions of lignification
 n - 3 potions of attraction
 p - a potion of brilliance
 t - 3 potions of magic
 w - a potion of flight {unknown}


   Skills:
 - Level 5.0 Fighting
 + Level 8.2 Maces & Flails
 - Level 9.9 Polearms
 - Level 3.2 Armour
 - Level 3.6 Shields


You had 9 spell levels left.
You didn't know any spells.
Your spell library contained the following spells:

 Spells                   Type           Power      Damage    Failure   Level
 Shock                    Conj/Air       0%         1d3       61%         1
 Static Discharge         Conj/Air       0%         N/A       75%         2
 Airstrike                Air            0%         N/A       100%        4
 Bolt of Magma            Conj/Fire/Erth 0%         4d4       100%        5
 Iskenderun's Battlesphe  Conj           0%         2d6       100%        5
 Lightning Bolt           Conj/Air       0%         1d11      100%        5
 Iron Shot                Conj/Erth      0%         9d1       100%        6
 Orb of Destruction       Conj           0%         N/A       100%        7
 Spellforged Servitor     Conj/Summ      0%         N/A       100%        7
 Swiftness                Air            Unusable   N/A       N/A         3

Dungeon Overview and Level Annotations

Branches:
Dungeon (8/15)             Temple (1/1) D:4
   Lair: D:8-11

Altars:
Ashenzari
Dithmenos
Elyvilon
Fedhas
Hepliaklqana
Kikubaaqudgha
Makhleb
Okawaru
Qazlal
Ru
Sif Muna
Trog
Uskayaw
Vehumet
Wu Jian
Xom
Yredelemnul
Zin
The Shining One

Shops:
D:5 *   D:8 !

Annotations:
D:8 Harold


Innate Abilities, Weirdness & Mutations

You cannot be hasted, slowed, berserked, paralysed or teleported.
You can dig through walls and to a lower floor.
You have a pair of large antennae on your head. (SInv)
Your four strong arms can wield two-handed weapons with a shield.


Message History

You climb downwards.
Level annotation: Harold
There is a stone staircase leading up here.
Okay, then.
Aiming: Throw Flame
Press: ? - help, Shift-Dir - straight line, f - Harold
Aim: Harold, wielding a +2 battleaxe of venom and wearing a +0 scale mail (81% to hit)
The puff of flame hits Harold.
Harold is lightly wounded.
Harold fires a harpoon shot at you. The harpoon shot hits you!
You are yanked forward by the harpoon shot.
Aiming: Throw Flame
Press: ? - help, Shift-Dir - straight line, f/p - Harold
Aim: Harold, wielding a +2 battleaxe of venom and wearing a +0 scale mail (lightly wounded, 81% to hit)
The puff of flame hits Harold.
Harold is lightly wounded.
Harold hits you with a +2 battleaxe of venom.
You are poisoned.
You sock Harold!
Harold is moderately wounded.
You feel very sick.
Harold hits you with a +2 battleaxe of venom!
You are more poisoned.
You hit Harold.
Harold is moderately wounded.
You feel very sick. You block Harold's attack.
You thump Harold!
Harold is heavily wounded.
You feel very sick.
Harold says, "This is so exciting!
What a great way to end my career!"
You block Harold's attack.
Your shield and ring mail prevent you from hitting Harold.
Harold is heavily wounded.
You feel very sick.
Harold hits you with a +2 battleaxe of venom!!
* * * LOW HITPOINT WARNING * * *
Harold hits you with a +2 battleaxe of venom.
You die...

###### #.....#
#....##### #)....#
#........# #.(...#
#........####.....#
#..................
######..................
#.........####..........
##+##.......@.#
#...@......
##..........@..#
########...
.......<..)....# #...
......#+######## #...
..... #... .... #... ..#
#### . #####


You could see Harold.

Vanquished Creatures
  Pikel (D:5)
  Grinder (D:3)
  Sigmund (D:5)
  Edmund (D:6)
  Duvessa (D:6)
  A water moccasin (D:7)
  3 black bears
  A centaur (D:7)
  3 ogres
  A phantom (D:4)
  A lemure (D:5)
  A gnoll sergeant (D:6)
  3 scorpions
  Dowan (D:6)
  2 centaur zombies
  2 hounds
  2 orc priests
  A jelly (D:5)
  Crazy Yiuf (D:5)
  A bullfrog skeleton (D:5)
  5 iguanas
  A scorpion zombie (D:5)
  5 orc wizards
  A hound skeleton (D:4)
  A howler monkey skeleton (D:5)
  5 gnolls
  5 adders
  A shadow imp (D:5)
  A white imp (D:7)
  An adder skeleton (D:4)
  2 dart slugs (D:1)
  19 orcs
  4 endoplasms
  2 giant cockroaches
  10 hobgoblins
  12 jackals
  7 kobolds
  8 quokkas
  7 ball pythons
  4 bats
  2 frilled lizards
  11 goblins
  5 rats
148 creatures vanquished.

Vanquished Creatures (others)
  2 plants (D:4)
2 creatures vanquished.

Grand Total: 150 creatures vanquished

Notes
Turn   | Place    | Note
-------+----------+-------------------------------------------
     0 | D:1      | Delamore the Formicid Fighter began the quest for the Orb.
     0 | D:1      | Reached XP level 1. HP: 18/18 MP: 1/1
   184 | D:1      | Reached XP level 2. HP: 19/24 MP: 2/2
   560 | D:1      | Reached XP level 3. HP: 30/30 MP: 3/3
   576 | D:1      | Reached skill level 3 in Polearms
  1195 | D:2      | Reached XP level 4. HP: 37/37 MP: 4/4
  2609 | D:3      | Reached skill level 4 in Polearms
  2609 | D:3      | Reached XP level 5. HP: 6/43 MP: 5/5
  3184 | D:3      | Noticed Grinder
  3285 | D:4      | Reached XP level 6. HP: 27/49 MP: 6/6
  3499 | D:4      | Reached skill level 5 in Polearms
  3577 | D:4      | Found an iron altar of Okawaru.
  3635 | D:4      | Identified a scroll of acquirement
  3635 | D:4      | Acquired 1003 gold pieces
  3864 | D:4      | Found an ornate altar of the Wu Jian Council.
  4092 | D:4      | Reached skill level 5 in Fighting
  4275 | D:4      | Reached skill level 6 in Polearms
  4275 | D:4      | Reached XP level 7. HP: 55/56 MP: 7/7
  4278 | D:4      | Found a staircase to the Ecumenical Temple.
  4286 | Temple   | Entered the Ecumenical Temple
  4682 | D:5      | Entered Level 5 of the Dungeon
  5124 | D:3      | Killed Grinder
  5125 | D:3      | Reached skill level 7 in Polearms
  5233 | D:5      | Noticed Pikel
  5237 | D:5      | Killed Pikel
  5238 | D:5      | Reached skill level 9 in Polearms
  5238 | D:5      | Reached XP level 8. HP: 62/62 MP: 8/8
  5247 | D:5      | Identified the +8 mace "Wiclehet" {elec, +Blink}
  5259 | D:5      | Noticed Sigmund
  5495 | D:5      | Killed Sigmund
  5578 | D:5      | Found a broken altar of Ashenzari.
  5670 | D:5      | Found Diuhyew Oro's Assorted Antiques.
  5704 | D:4      | Reached skill level 1 in Maces & Flails
  5704 | D:4      | Reached XP level 9. HP: 66/68 MP: 9/9
  5905 | D:5      | Found a runed translucent door.
  5906 | D:5      | Noticed Crazy Yiuf
  6004 | D:5      | Identified the +7 dagger of Defiance {vamp, *Slow rN+ SInv}
  6213 | D:5      | Bought a scroll labelled EQUORA CAZUED for 23 gold pieces
  6214 | D:5      | Bought a scroll of identify for 46 gold pieces
  6214 | D:5      | Bought a blackened silver wand for 92 gold pieces
  6214 | D:5      | Bought a scroll of identify for 46 gold pieces
  6645 | D:5      | Killed Crazy Yiuf
  6807 | D:6      | Reached skill level 5 in Maces & Flails
  7400 | D:6      | Noticed Dowan
  7402 | D:6      | Noticed Duvessa
  7431 | D:6      | Killed Dowan
  7434 | D:6      | Killed Duvessa
  8125 | D:6      | Noticed Edmund
  8132 | D:6      | Killed Edmund
  8548 | D:7      | Reached XP level 10. HP: 72/74 MP: 10/10
  9213 | D:8      | Found Vixkuv's Distillery.
  9226 | D:8      | Noticed Harold
  9492 | D:8      | HP: 1/74 [Harold/+2 battleaxe of venom (23)]
  9492 | D:8      | Slain by Harold

Illustrated notes

Levels and vault maps discovered:
D:1:      amcnicky_arrival_abandoned_market, layout_loops_ring, serial_rivers,
          chequers_serial_rivers_micro_d, chequers_serial_rivers_micro_d,
          chequers_serial_rivers_small_b, chequers_serial_rivers_micro_e,
          chequers_serial_rivers_room_a
D:2:      layout_basic, minivault_27, guppyfry_early_orc_mine
D:3:      layout_rooms, uniq_grinder
D:4:      layout_basic, nzn_wu_jian_council_hall, old_standard_altar,
          minmay_temple_entry_overgrown, serial_glass, glass_columns_a,
          glass_columns_a, minmay_hedge_maze
D:5:      layout_gridville, kennysheep_mini_moat, serial_shops, shop,
          st_stairs_9, uniq_crazy_yiuf_cottage, uniq_pikel, uniq_sigmund
D:6:      layout_basic, uniq_edmund, uniq_duvessa
D:7:      layout_gridville, abandoned_shop
D:8:      layout_gridville, lemuel_round_altar, david_lair_generic,
          serial_shops, nicolae_shop_waterfront, nicolae_shop_behind_doors,
          shop, shop, uniq_harold, uniq_prince_ribbit1
Temple:   nicolae_temple_elliptical

Skill      XL: |  1  2  3  4  5  6  7  8  9 10 |
---------------+-------------------------------+-----
Polearms       | 3 4 6 9 |  9.9
Fighting       | 4 5 |  5.0
Maces & Flails | 1 7 8 |  8.2
Armour         | |  3.2
Shields        | |  3.6

Action                   |  1- 3 |  4- 6 |  7- 9 | 10-12 || total
-------------------------+-------+-------+-------+-------++-------
Melee: Trident           |    90 |   259 |    45 |       ||   394
       Mace              |       |       |   136 |    25 ||   161
Throw: Dart              |       |       |    23 |     7 ||    30
       Throwing net      |       |       |       |     1 ||     1
 Abil: Dig               |       |     2 |     8 |     1 ||    11
Evoke: Wand              |       |       |     6 |     2 ||     8
  Use: Scroll            |     3 |     6 |     7 |     1 ||    17
       Potion            |       |       |       |     3 ||     3
Armor: Scale mail        |    18 |    59 |    28 |       ||   105
       Ring mail         |       |       |    36 |     5 ||    41
Dodge: Dodged            |    32 |    62 |    63 |     8 ||   165
Block: Kite shield       |    21 |    93 |    99 |    14 ||   227

Table legend: (Time is in decaauts)
 A = Elapsed time spent in this place.
 B = Non-inter-level travel time spent in this place.
 C = Inter-level travel time spent in this place.
 D = Time resting spent in this place.
 E = Time spent auto-exploring this place.
 F = Levels seen in this place.
 G = Mean time per level.
                   A        B        C        D        E       F      G
               +--------+--------+--------+--------+--------+-----+--------+
         Total |   9666 |   9263 |    403 |   1518 |   6232 |   9 | 1074.0 |
       Dungeon |   9499 |   9124 |    375 |   1518 |   6095 |   8 | 1187.4 |
        Temple |    166 |    138 |     28 |      0 |    137 |   1 |  166.0 |
               +--------+--------+--------+--------+--------+-----+--------+

Top non-repeatable levels by time:
     D:5: 1599 daAuts
     D:4: 1565 daAuts
     D:6: 1522 daAuts
     D:3: 1442 daAuts
     D:2: 1264 daAuts
     D:1: 1079 daAuts
     D:7: 897 daAuts
  Temple: 166 daAuts
     D:8: 128 daAuts
